AoeStats
← caesarcaesar

Nomad

509526570Analyzed
2v2 RM · 4d ago on Sep 27, 2026· 29m 50s· 4 players
Game mode
Random Map
Map size
176×176
Population
200
Speed
Normal
Resources
Standard
Victory
Conquest
Starting age
Dark Age
Ending age
Imperial Age
RankedLock teamsTeams togetherTeam positionsShared explorationLock speedFull tech treeHidden civsTurbo modeCheats
Victory
Defeat
🇨🇦 Danes · Canada
1275
+16
🇺🇸 Spanish · United States
1238
+17
🇨🇳 Celts · China
1269
-17
🇧🇷 Japanese · Brazil
1259
-16
caesarcaesar
5:32 Loom
12:52 Feudal Age
13:24 Double-Bit Axe
19:50 Castle Age
18:37 Wheelbarrow
18:31 Fletching
19:25 Stone Mining
19:57 Fishing Lines
20:45 Bow Saw
22:52 Padded Archer Armor
24:35 Town Watch
27:12 Hand Cart
26:57 Gillnets
27:18 Medium Warships
28:50 Leather Archer Armor
Nyuszi
4:11 Loom
12:50 Feudal Age
13:15 Double-Bit Axe
13:36 Gold Mining
14:35 Town Watch
15:49 Wheelbarrow
16:48 Fletching
21:19 Horse Collar
24:43 Castle Age
23:47 Arson
24:24 Scale Mail Armor
24:35 Forging
25:43 Squires
26:18 Bow Saw
26:05 Gambesons
28:09 Medium Warships
27:56 Pikeman
30:10 Fishing Lines
rNy-
5:09 Loom
13:14 Feudal Age
13:42 Double-Bit Axe
14:14 Gold Mining
16:47 Horse Collar
20:06 Castle Age
20:30 Fletching
21:24 Heavy Plow
25:51 Wheelbarrow
27:07 Scale Mail Armor
27:17 Forging
28:19 Gambesons
28:34 Squires
30:47 Iron Casting
30:27 Chain Mail Armor
228811348
5:33 Loom
14:56 Feudal Age
15:42 Double-Bit Axe
15:39 Fishing Lines
17:14 Wheelbarrow
16:54 Gold Mining
22:37 Castle Age
23:43 Bow Saw
24:08 Gold Shaft Mining
23:24 Light Cavalry
28:46 Horse Collar
Connection lost

Rejoining the realm…

Still unreachable

The connection could not be restored.

Session expired

The server has moved on; the page needs a fresh start.